 Dungeon Crawl Stone Soup version 0.31-a0-810-ga77100ea1a (webtiles) character file.

Game seed: 14648988986102062549

2599 ytrimaz the Covert (level 9, -10/53 HPs)
             Began as an Octopode Shapeshifter on Sept 21, 2023.
             Was an Initiate of Ashenzari.
             Mangled by a yak (13 damage)
             ... on level 7 of the Dungeon.
             The game lasted 00:08:24 (6994 turns).

ytrimaz the Covert (Octopode Shapeshifter)          Turns: 6994, Time: 00:08:25

Health: -10/53     AC:  1    Str: 13    XL:     9   Next: 59%
Magic:  0/9        EV: 13    Int: 13    God:    Ashenzari [......]
Gold:   263        SH:  0    Dex: 15    Spells: 8/8 levels left

rFire   . .          .
                       - Unarmed
rCold   . . .        (no shield)
rNeg    . . .        (helmet currently unavailable)
rPois   .            p - amulet of Ashenzari's Omission {Spirit, Cun, Self} (curse)
rElec   .            (no ring)
rCorr   .            (no ring)
SInv    .            (no ring)
Will    .....        (no ring)
Stlth   ++++++       (no ring)
HPRegen 0.28/turn    (no ring)
MPRegen 0.11/turn    (no ring)
                     (no ring)

%: guardian spirit
@: mighty, beast-form
A: beast (slay +4), almost no armour, amphibious, 8 rings, camouflage 1,
gelatinous body 1, (nimble swimmer 1), tentacles
a: Begin Untransformation, Renounce Religion, Curse Item, Shatter the Chains


You were on level 7 of the Dungeon.
You worshipped Ashenzari.
Ashenzari was noncommittal.
You were a hulking beast.
You visited 1 branch of the dungeon, and saw 7 of its levels.

You collected 263 gold pieces.


Innate Abilities, Weirdness & Mutations

You are a hulking beast.
Your limbs bulge with bestial killing power. (Slay +4)
You cannot wear most types of armour.
You are amphibious.
You can wear up to eight rings at the same time.
Your skin changes colour to match your surroundings (Stealth+).
Your rubbery body absorbs attacks. (AC +1, EV +1)
((You are camouflaged when in or above water. (Stealth+)))
You have tentacles for arms and can constrict up to eight enemies at once.


   Skills:
 - Level 1.0(1.2) Fighting
 - Level 2.0(2.3) Dodging
 + Level 10.8(11.2) Stealth
 + Level 8.1 Unarmed Combat
 - Level 7.0 Shapeshifting


You had 8 spell levels left.
You didn't know any spells.
Your spell library contained the following spells:

 Spells                   Type           Power      Damage    Failure   Level
 Sting                    Tmut/Pois      0%         1d3       30%         1
 Poisonous Vapours        Pois/Air       0%         N/A       43%         2
 Volatile Blastmotes      Fire/Tloc      0%         2d10      67%         3
 Fulminant Prism          Conj/Hex       0%         3d5       97%         4
 Iskenderun's Mystic Bla  Conj/Tloc      0%         2d3       97%         4
 Olgreb's Toxic Radiance  Pois           0%         N/A       97%         4
 Vhi's Electric Charge    Tloc/Air       0%         N/A       97%         4
 Arcjolt                  Conj/Air       0%         1d10      100%        5
 Plasma Beam              Fire/Air       0%         2x1d10    100%        6

Inventory:

Jewellery
 d - an amulet of reflection
   (You found it on level 1 of the Dungeon)
 p - the cursed amulet of Ashenzari's Omission (around mantle) {Spirit, Cun, Self}
   (You found it on level 3 of the Dungeon)

   [amulet of guardian spirit]

   Spirit:    It causes incoming damage to be divided between your reserves of
   health and magic.
   It has a curse which improves the following skills: Cunning: Dodging and
   Stealth.
   Introspection: Fighting and Spellcasting.
Talismans
 b - a beast talisman (active)
 c - a flux talisman
Scrolls
 e - a scroll of noise
 i - a scroll of fear {unknown}
 j - 2 scrolls of immolation {unknown}
 o - 2 scrolls of enchant armour
 q - a scroll of enchant weapon {unknown}
 r - a scroll of amnesia {unknown}
 t - a scroll of fog {unknown}
 u - a scroll of poison {unknown}
Potions
 f - a potion of brilliance
 g - a potion of might
 m - a potion of enlightenment
 n - 3 potions of curing
 s - a potion of heal wounds

Dungeon Overview and Level Annotations

Branches:
Dungeon (7/15) Zot: 26452  Temple (0/1) D:6

Altars:
Ashenzari
Fedhas
Hepliaklqana
Makhleb
Ru
Yredelemnul

Shops:
D:6

==:* ....##.## #.# #######
.... . #.# ..# . ..#
######### . ..#.# ...
........## .. ..#.####..#
######..## .. .......#.###
#........# .. YY..$#......
#........# .#
.YY........o###........#
.##..o.....(.oYYh.........#
...o# ......o###........#
....##.#.#####. #........#
......... .. ...########
......... .......#
..#.....o. ........#
....>.#..........###
.......#.####..!.
.....#.#.#


You could see 2 yaks and 3 orcs.


Message History

You bludgeon the orc warrior!
You constrict the orc warrior, but do no damage.
The helpless orc warrior fails to defend itself.
You tentacle-slap the orc warrior but do no damage.
You constrict the orc warrior.
The helpless orc warrior fails to defend itself.
You batter the orc warrior!!
You kill the orc warrior! 😕 HP[+1] MP[+1]
Okay, then.
You feel very mighty all of a sudden.
Unknown command.
Unknown command.
Unknown command.
You bludgeon the yak! The yak gores you. 😕 HP[-1]
You take 1 damage, and now have 40/53 hp.
You closely miss the yak. The yak gores you. 😮 HP[-1]
You take 1 damage, and now have 39/53 hp.
You barely miss the yak. The yak misses you.
Unknown command.
You bludgeon the yak! The yak misses you.
Unknown command.
The orc shouts!
You batter the yak!!
You kill the yak!
Your Stealth skill increases to level 10! 😕 HP[+1]
You bludgeon the yak! The yak gores you! 😮 HP[-12] MP[-2]
You take 12 damage, and now have 28/53 hp.
MASSIVE DAMAGE!! (PAUSE)
You lost 2 mp, and now have 5/9 mp.
You bludgeon the yak! The yak gores you.
* * * LOW HITPOINT WARNING * * *
😨 HP[-5]
You take 5 damage, and now have 23/53 hp.
You completely miss the yak. You squeeze the yak!
Unknown command. 😨 MP[+1]
You tentacle-slap the yak.
You kill the yak!
Training target 7.0 for Shapeshifting reached!
Your Shapeshifting skill increases to level 7!
Unknown command.
Aiming: Paralyse
Press: ? - help, Q - select action, (/) - cycle Shift-Dir - straight line, f - yak
Aim: a yak (chance to affect: 49%)
The yak suddenly stops moving! 😨 HP[+1] Unknown command.
The helpless yak fails to defend itself.
You tentacle-slap the yak. You squeeze the yak.
The helpless yak fails to defend itself.
You batter the yak!! You squeeze the yak.
You kill the yak!
Your Unarmed Combat skill increases to level 8!
You bludgeon the yak! You squeeze the yak! The yak misses you.
Unknown command.
You bludgeon the yak! The yak gores you!
* * * LOW HITPOINT WARNING * * *
😨 HP[-6] MP[-1]
You take 6 damage, and now have 18/53 hp.
You lost 1 mp, and now have 5/9 mp.
The orc shouts!
You bludgeon the yak!
You kill the yak!
Unknown command.
The yak misses you.
Items here: )) [ ††††.
You tentacle-slap the yak but do no damage.
You squeeze the yak! The yak gores you!
* * * LOW HITPOINT WARNING * * *
😱 HP[-12] MP[-3]
You take 12 damage, and now have 6/53 hp.
MASSIVE DAMAGE!! (PAUSE)
You lost 3 mp, and now have 2/9 mp.
Aiming: Paralyse
Press: ? - help, Q - select action, (/) - cycle Shift-Dir - straight line, f - yak
Aim: a yak (moderately wounded, chance to affect: 49%)
The yak resists with some effort.
The yak barely misses you. 😱 HP[+1] Unknown command.
Aiming: Paralyse
Press: ? - help, Q - select action, (/) - cycle Shift-Dir - straight line, f/p - yak
Aim: a yak (moderately wounded, chance to affect: 49%)
The yak resists with some effort.
The yak gores you.
* * * LOW HITPOINT WARNING * * *
😱 HP[-4] MP[-1]
You take 4 damage, and now have 3/53 hp.
You lost 1 mp, and now have 1/9 mp.
Aiming: Paralyse
Press: ? - help, Q - select action, (/) - cycle Shift-Dir - straight line, f/p - yak
Aim: a yak (moderately wounded, chance to affect: 49%)
The yak resists with some effort.
The now-empty wand crumbles to dust.
The yak gores you!
You die...

Skill      XL: |  1  2  3  4  5  6  7  8  9 |
---------------+----------------------------+-----
Stealth        | 1 2 3 4 5 7 9 10 | 10.8
Unarmed Combat | 4 5 7 8 |  8.1
Shapeshifting  | 4 5 6 7 |  7.0
Fighting       | |  1.0
Dodging        | |  2.0

Action                     |  1- 3 |  4- 6 |  7- 9 || total
---------------------------+-------+-------+-------++-------
  Melee: Unarmed           |    55 |    97 |   179 ||   331
         Constrict         |    16 |    27 |    36 ||    79
         Tentacles         |    12 |    21 |    42 ||    75
         Punch             |     2 |     1 |    12 ||    15
 Invoke: Curse Item        |       |     1 |       ||     1
  Evoke: Wand              |       |     1 |    10 ||    11
    Use: Scroll            |       |     5 |     9 ||    14
         Potion            |       |       |     5 ||     5
   Stab: Sleeping          |     8 |     9 |     6 ||    23
         Distracted        |       |     1 |     2 ||     3
         Paralysed         |       |     3 |    10 ||    13
 Armour: Skin              |    19 |    37 |   102 ||   158
  Dodge: Dodged            |    21 |    37 |   105 ||   163
  Block: Other             |    10 |    11 |       ||    21
         Reflection        |       |     1 |       ||     1

Levels and vault maps discovered:
D:1:      sevenhm_arrival_forest_fort_small_4, layout_loops_cross
D:2:      layout_loops_ring, serial_bayou, serial_bayou_lagoon_a,
          serial_bayou_crossing, serial_bayou_lagoon_b, serial_bayou_shore_a,
          glass_columns_b, minmay_distorted
D:3:      layout_basic, ashenzari_conservatory_becter,
          nicolae_ecumenical_oubliette
D:4:      layout_layer_cave, uniq_blork_the_orc
D:5:      layout_loops_ring, nicolae_overflow_macrodata_refinement
D:6:      layout_basic, nzn_hepliaklqana_mist_gate, temple_hall, serial_shops,
          shop, nicolae_shop_temple_entry_statues_fountains,
          nicolae_shop_crystal, nicolae_shop_gaudy_bauble
D:7:      layout_rooms, nicolae_uskayaw_dance_studio, minmay_diced_spiral

Notes
Turn   | Place    | Note
-------+----------+-------------------------------------------
     0 | D:1      | ytrimaz the Octopode Shapeshifter began the quest for the
                  | Orb.
     0 | D:1      | Reached XP level 1. HP: 13/13 MP: 1/1
     0 | D:1      | magus.rc [v1.9.6]
    76 | D:1      | You pick up a book of Blasting and begin reading...
    76 | D:1      | You add the spells Volatile Blastmotes, Fulminant Prism and
                  | Iskenderun's Mystic Blast to your library.
   141 | D:1      | Reached skill level 1 in Stealth
   159 | D:1      | Reached XP level 2. HP: 10/18 MP: 2/2
   365 | D:1      | Reached skill level 2 in Stealth
   663 | D:1      | Reached XP level 3. HP: 23/23 MP: 3/3
  1054 | D:2      | Reached skill level 3 in Stealth
  1076 | D:2      | Reached XP level 4. HP: 28/28 MP: 4/4
  1594 | D:3      | Reached skill level 4 in Unarmed Combat
  1659 | D:3      | Found a faded altar of an unknown god.
  1995 | D:3      | Identified the +1 leather armour of Zaentu {Harm Will-
                  | Int-4 Dex+9}
  2133 | D:3      | Found a broken altar of Ashenzari.
  2142 | D:3      | Reached XP level 5. HP: 27/33 MP: 5/5
  2447 | D:3      | Became a worshipper of Ashenzari the Shackled
  2487 | D:4      | Reached skill level 4 in Stealth
  2507 | D:4      | Reached skill level 4 in Shapeshifting
  2674 | D:4      | Reached XP level 6. HP: 30/38 MP: 6/6
  2769 | D:4      | You add the spells Sting, Poisonous Vapours and Olgreb's
                  | Toxic Radiance to your library.
  2930 | D:4      | Noticed Blork the orc
  2938 | D:4      | Killed Blork the orc
  2939 | D:4      | Reached skill level 5 in Stealth
  3854 | D:5      | Entered Level 5 of the Dungeon
  3950 | D:5      | Reached skill level 5 in Unarmed Combat
  4022 | D:5      | Found a basalt altar of Yredelemnul.
  4023 | D:5      | Found a blossoming altar of Fedhas.
  4028 | D:5      | Found a burning altar of Makhleb.
  4028 | D:5      | Found a sacrificial altar of Ru.
  4031 | D:5      | Reached XP level 7. HP: 42/43 MP: 7/7
  4181 | D:5      | Reached skill level 6 in Stealth
  4576 | D:5      | Reached skill level 5 in Shapeshifting
  4776 | D:6      | Found Nigaf's Book Emporium.
  4870 | D:6      | Found Erul's General Store.
  5114 | D:6      | Reached skill level 7 in Stealth
  5241 | D:6      | Reached XP level 8. HP: 45/48 MP: 8/8
  5269 | D:6      | Reached skill level 6 in Unarmed Combat
  5381 | D:6      | Found Faji's Jewellery Shoppe.
  5388 | D:6      | HP: 11/48 [something (4)]
  5600 | D:6      | Reached skill level 8 in Stealth
  5738 | D:6      | Found a hazy altar of Hepliaklqana.
  5782 | D:6      | Found Nanuib's Jewellery Shoppe.
  5790 | D:6      | Reached skill level 6 in Shapeshifting
  6381 | D:6      | Found a staircase to the Ecumenical Temple.
  6444 | D:7      | You pick up a book of Lightning and begin reading...
  6444 | D:7      | You add the spells Vhi's Electric Charge, Arcjolt and
                  | Plasma Beam to your library.
  6504 | D:7      | Reached skill level 9 in Stealth
  6504 | D:7      | Reached skill level 7 in Unarmed Combat
  6602 | D:7      | Reached XP level 9. HP: 46/53 MP: 7/9
  6790 | D:7      | HP: 13/53 [orc warrior/+0 dire flail (7)]
  6791 | D:7      | HP: 6/53 [orc priest/divine providence (8)]
  6791 | D:7      | HP: 1/53 [orc warrior/+0 dire flail (5)]
  6980 | D:7      | Reached skill level 10 in Stealth
  6984 | D:7      | Reached skill level 7 in Shapeshifting
  6987 | D:7      | Reached skill level 8 in Unarmed Combat
  6991 | D:7      | HP: 6/53 [yak (12)]
  6994 | D:7      | Mangled by a yak

Vanquished Creatures
  A wyvern (D:7)
  4 yaks (D:7)
  2 sky beasts (D:6)
  2 black bears
  2 orc warriors
  2 ogres
  2 kobold brigands (D:7)
  Blork the orc (D:4)
  3 scorpions
  A jelly (D:4)
  3 orc priests
  5 hounds
  2 gnoll boudas
  3 orc wizards
  3 iguanas
  10 gnolls
  10 adders
  A white imp (D:5)
  2 ufetubi (D:5)
  2 worms (D:2)
  5 dart slugs
  18 orcs
  10 endoplasms
  3 giant cockroaches
  6 goblins
  3 hobgoblins
  12 jackals
  4 quokkas
  2 ball pythons
  A bat (D:1)
  13 kobolds
  5 rats
143 creatures vanquished.

Vanquished Creatures (others)
  An orc wizard (D:6)
1 creature vanquished.

Grand Total: 144 creatures vanquished

Table legend:
 A = Non-vault XP
 B = Vault XP
 C = Vault XP percentage of total XP
 D = Non-vault monster count
 E = Vault monster count
 F = Vault count percentage of total count
                 A         B        C        D         E       F
            +---------+---------+-------+---------+---------+-------
      Total |    3617 |      96 |   2.6 |     142 |       2 |   1.4
            +---------+---------+-------+---------+---------+-------
        D:1 |      34 |       0 |   0.0 |      16 |       0 |   0.0
        D:2 |      92 |       2 |   2.1 |      22 |       1 |   4.3
        D:3 |      48 |       0 |   0.0 |      13 |       0 |   0.0
        D:4 |     209 |      94 |  31.0 |      19 |       1 |   5.0
        D:5 |     439 |       0 |   0.0 |      18 |       0 |   0.0
        D:6 |    1265 |       0 |   0.0 |      29 |       0 |   0.0
        D:7 |    1530 |       0 |   0.0 |      25 |       0 |   0.0
            +---------+---------+-------+---------+---------+-------

Skill      XL: |  1  2  3  4  5  6  7  8  9 |
---------------+----------------------------+-----
Stealth        | 1 2 3 4 5 7 9 10 | 10.8
Unarmed Combat | 4 5 7 8 |  8.1
Shapeshifting  | 4 5 6 7 |  7.0
Fighting       | |  1.0
Dodging        | |  2.0

Action                     |  1- 3 |  4- 6 |  7- 9 || total
---------------------------+-------+-------+-------++-------
  Melee: Unarmed           |    55 |    97 |   179 ||   331
         Constrict         |    16 |    27 |    36 ||    79
         Tentacles         |    12 |    21 |    42 ||    75
         Punch             |     2 |     1 |    12 ||    15
 Invoke: Curse Item        |       |     1 |       ||     1
  Evoke: Wand              |       |     1 |    10 ||    11
    Use: Scroll            |       |     5 |     9 ||    14
         Potion            |       |       |     5 ||     5
   Stab: Sleeping          |     8 |     9 |     6 ||    23
         Distracted        |       |     1 |     2 ||     3
         Paralysed         |       |     3 |    10 ||    13
 Armour: Skin              |    19 |    37 |   102 ||   158
  Dodge: Dodged            |    21 |    37 |   105 ||   163
  Block: Other             |    10 |    11 |       ||    21
         Reflection        |       |     1 |       ||     1

Illustrated notes

Table legend:
 A = Kills in this place as a percentage of kills in the entire game.
 B = Kills by you in this place as a percentage of kills by you in the entire game.
 C = Kills by friends in this place as a percentage of kills by friends in the entire game.
 D = Other kills in this place as a percentage of other kills in the entire game.
 E = Experience gained in this place as a percentage of experience gained in the entire game.
 F = Experience gained in this place divided by the number of levels of this place that you have seen.
                   A       B       C       D       E      F
               +-------+-------+-------+-------+-------+----------------------
         Total | 100.0 | 100.0 |   N/A | 100.0 | 100.0 | 530.4
       Dungeon | 100.0 | 100.0 |   N/A | 100.0 | 100.0 | 530.4
               +-------+-------+-------+-------+-------+----------------------

Table legend: (Time is in decaauts)
 A = Elapsed time spent in this place.
 B = Non-inter-level travel time spent in this place.
 C = Inter-level travel time spent in this place.
 D = Time resting spent in this place.
 E = Time spent auto-exploring this place.
 F = Levels seen in this place.
 G = Mean time per level.
                   A        B        C        D        E       F      G
               +--------+--------+--------+--------+--------+-----+--------+
         Total |   6959 |   6717 |    242 |    156 |   5483 |   7 |  994.1 |
       Dungeon |   6959 |   6717 |    242 |    156 |   5483 |   7 |  994.1 |
               +--------+--------+--------+--------+--------+-----+--------+

Top non-repeatable levels by time:
     D:6: 1685 daAuts
     D:4: 1391 daAuts
     D:5: 883 daAuts
     D:3: 878 daAuts
     D:2: 875 daAuts
     D:1: 699 daAuts
     D:7: 546 daAuts
